[Event "Titled Tuesday Blitz May 24 Early 2022"]
[White "Barp, Alberto"]
[Black "Sjugirov, Sanan"]
[WhiteFideId "872555"]
[BlackFideId "4189302"]
[WhiteElo "2229"]
[BlackElo "2602"]
[Result "1/2-1/2"]
[Round "02"]
[TimeControl "180+1"]
[Date "2022.05.24"]
[WhiteClock "0:00:08"]
[BlackClock "0:00:08"]

1. Nf3 Nf6 2. c4 c5 3. Nc3 e6 4. e3 d5 5. d4 a6 6. cxd5 exd5 7. Be2 Nc6 8. O-O cxd4 9. exd4 Be7 10. h3 O-O 11. Bf4 Be6 12. Ne5 Rc8 13. Rc1 Qb6 14. Na4 Qa5 15. Nxc6 Rxc6 16. Rxc6 bxc6 17. a3 Ne4 18. b4 Qd8 19. Qc2 Bd7 20. Bxa6 Bf6 21. Rd1 Bh4 22. Be3 f5 23. f3 f4 24. Bc1 Nf2 25. Rd2 Nxh3+ 26. gxh3 Bxh3 27. Rh2 Qg5+ 28. Kh1 Re8 29. Bd2 Bf5 30. Bd3 Qg3 31. Bxf5 Qxf3+ 32. Kg1 Bg3 33. Bxh7+ Kh8 34. Rg2 Re2 35. Rxe2 Qxe2 36. Bxf4 Qe1+ 37. Kg2 Bxf4 38. Qf2 Qxf2+ 39. Kxf2 Kxh7 40. Nc5 g5 41. a4 g4 42. a5 Kg6 43. a6 Bb8 44. Nd7 Ba7 45. Ne5+ Kf5 46. Nxc6 Bb6 47. a7 Bxa7 48. Nxa7 Ke4 49. Nc6 g3+ 50. Kxg3 Kd3 51. b5 Kc4 52. b6 Kb5 53. b7 Ka6 54. b8=Q 1/2-1/2


[Site "https://www.chess.com"]

[Event "Titled Tuesday Blitz May 24 Early 2022"]
[White "Barria Zuniga, Daniel"]
[Black "Kuznetsov, Mikhail"]
[WhiteFideId "3400816"]
[BlackFideId "4117190"]
[WhiteElo "2414"]
[BlackElo "1981"]
[Result "1/2-1/2"]
[Round "02"]
[TimeControl "180+1"]
[Date "2022.05.25"]
[WhiteClock "0:00:06"]
[BlackClock "0:00:04"]

1. c4 Nf6 2. g3 g6 3. Bg2 d5 4. cxd5 Nxd5 5. Nf3 Bg7 6. O-O O-O 7. Nc3 Nb6 8. d4 Nc6 9. Bf4 Nxd4 10. Nxd4 Bxd4 11. Nb5 Bxb2 12. Rb1 e5 13. Qxd8 Rxd8 14. Bg5 f6 15. Bxf6 Rf8 16. Be7 Rf7 17. Bc5 Bd4 18. Nxd4 exd4 19. Bxb6 axb6 20. Bd5 Ra5 21. Bxf7+ Kxf7 22. Rfc1 c6 23. Rxb6 Rxa2 24. Kf1 Ke6 25. Rd1 Ke5 26. e3 dxe3 27. fxe3 Rxh2 28. Rd8 Bh3+ 29. Ke1 Rg2 30. Rxb7 Rxg3 31. Kf2 Rg2+ 32. Kf3 Rg1 33. Re7+ Kf6 34. Rc7 Bf5 35. e4 Bg4+ 36. Kf2 Rc1 37. Ke3 h5 38. Rd6+ Ke5 39. Rdxc6 Re1+ 40. Kd3 Rd1+ 41. Ke3 Re1+ 42. Kd3 Rd1+ 43. Kc2 Kxe4 44. Rxg6 Rh1 45. Rc4+ Kf3 46. Rf6+ Kg2 47. Kd2 Rf1 48. Rxf1 Kxf1 49. Ke3 Kg2 50. Kf4 Be2 51. Rc2 Kf1 52. Ke3 Bg4 53. Rf2+ Kg1 54. Rb2 Kf1 55. Kf4 Ke1 56. Kg3 Kd1 57. Rf2 Be2 58. Rh2 Kd2 59. Kf4 Kd3 60. Rh3+ Kd2 61. Rh1 Bg4 62. Rg1 Kd3 63. Kg3 Ke3 64. Ra1 Kd3 65. Ra7 Ke4 66. Re7+ Kd4 67. Kf4 Kd3 68. Re1 Kd2 69. Re8 Kd3 70. Rd8+ Kc4 71. Ke4 Kc5 72. Rf8 Kd6 73. Kf4 Ke7 74. Rh8 Ke6 75. Rh6+ Kd5 76. Rb6 Kc5 77. Rb2 Kd4 78. Rd2+ Kc5 79. Ke3 Kc6 80. Rd4 Kc5 81. Re4 Kd5 82. Rf4 Ke5 83. Ra4 Kd5 84. Ra5+ Kc4 85. Kf4 Kb4 86. Ra7 Kc5 87. Rg7 Kc6 88. Rxg4 hxg4 89. Kxg4 1/2-1/2


[Site "https://www.chess.com"]

[Event "Titled Tuesday Blitz May 24 Early 2022"]
[White "Bas Mas, Jose Joaquin"]
[Black "Chen, Qi b"]
[WhiteFideId "22219064"]
[BlackFideId "8614733"]
[WhiteElo "2233"]
[BlackElo "2432"]
[Result "0-1"]
[Round "02"]
[TimeControl "180+1"]
[Date "2022.05.25"]
[WhiteClock "0:00:30"]
[BlackClock "0:00:10"]

1. e4 c5 2. Nc3 Nc6 3. Bb5 Nd4 4. Nf3 a6 5. Bc4 e6 6. Nxd4 cxd4 7. Ne2 b5 8. Bb3 Bb7 9. d3 Qb6 10. O-O Ne7 11. f3 h5 12. a4 b4 13. a5 Qc5 14. Qe1 Nc6 15. Bd2 Nxa5 16. Ba4 Nc6 17. f4 h4 18. f5 Be7 19. fxe6 fxe6 20. h3 g5 21. Kh1 a5 22. c4 Ne5 23. Bc2 Bxe4 24. dxe4 d3 25. Bb3 dxe2 26. Qxe2 Qc7 27. Be3 Nc6 28. c5 Qe5 29. Rac1 a4 30. Bc4 a3 31. bxa3 bxa3 32. Ba2 Rb8 33. Qc4 Rb2 34. Rc2 Rf8 35. Rxf8+ Bxf8 36. Bc1 Rxc2 37. Qxc2 Qxc5 38. Qxc5 Bxc5 39. Bxg5 Be7 40. Bd2 Bb4 41. Bg5 Be1 42. Bc1 Nb4 43. Bb3 a2 44. Bxa2 Nxa2 45. Bb2 Bg3 46. Kg1 Nb4 47. Kf1 Nd3 48. Ke2 Nxb2 0-1


[Site "https://www.chess.com"]

[Event "Titled Tuesday Blitz May 24 Early 2022"]
[White "Bellissimo, Joseph F."]
[Black "Tristan, Leonardo"]
[WhiteFideId "2609843"]
[BlackFideId "113816"]
[WhiteElo "2061"]
[BlackElo "2404"]
[Result "0-1"]
[Round "02"]
[TimeControl "180+1"]
[Date "2022.05.25"]
[WhiteClock "0:01:43"]
[BlackClock "0:02:24"]

1. e4 d5 2. exd5 Qxd5 3. Nc3 Qa5 4. d4 Nf6 5. Nf3 Bf5 6. Ne5 c6 7. Bc4 e6 8. O-O Nbd7 9. Re1 Be7 10. Qf3 Nxe5 11. dxe5 Nd5 12. Nxd5 cxd5 13. Bd3 Qxe1+ 14. Bf1 O-O 15. b3 Rac8 16. Bb2 Qe4 17. Qg3 Rxc2 18. Bc3 Bc5 19. Be1 Bd4 20. Rd1 Bxe5 21. Qg5 h6 22. Qh5 Bg4 23. Qh4 Bxd1 0-1


[Site "https://www.chess.com"]

[Event "Titled Tuesday Blitz May 24 Early 2022"]
[White "Bharath Subramaniyam H"]
[Black "Petre, Nad-Titus"]
[WhiteFideId "46634827"]
[BlackFideId "1204165"]
[WhiteElo "2242"]
[BlackElo "2354"]
[Result "1-0"]
[Round "02"]
[TimeControl "180+1"]
[Date "2022.05.25"]
[WhiteClock "0:00:23"]
[BlackClock "0:00:01"]

1. e4 c6 2. d4 d5 3. Nc3 dxe4 4. Nxe4 Nf6 5. Nxf6+ exf6 6. c3 Bd6 7. Bd3 O-O 8. Qc2 Re8+ 9. Ne2 h5 10. O-O h4 11. Bf4 h3 12. g3 Na6 13. Bxd6 Qxd6 14. Rae1 Nc7 15. Qd2 Be6 16. Nf4 Bd7 17. Rxe8+ Rxe8 18. Re1 Rxe1+ 19. Qxe1 g5 20. Nh5 Bg4 21. Be2 Bxh5 22. Bxh5 Qd5 23. Qf1 Qxa2 24. Qxh3 Qb1+ 25. Kg2 Ne6 26. Bg4 Qe4+ 27. Bf3 Qc2 28. d5 cxd5 29. Bxd5 Qxb2 30. Bxe6 fxe6 31. Qxe6+ Kg7 32. c4 a5 33. Qd7+ Kg6 34. Qe8+ Kg7 35. Qd7+ Kg6 36. c5 Qe5 37. Qb5 Qe4+ 38. Kg1 Qe1+ 39. Kg2 Qe4+ 40. f3 Qc2+ 41. Kh3 Qf5+ 42. Kg2 Qc2+ 43. Kg1 Qc1+ 44. Kf2 Qd2+ 45. Qe2 Qd4+ 46. Qe3 Qb2+ 47. Kg1 Qb1+ 48. Kg2 a4 49. Qe8+ Kg7 50. Qxa4 Qd3 51. Qe4 Qd2+ 52. Kh3 Qd7+ 53. g4 Qc7 54. Qd5 Qe7 55. Kg3 Kg6 56. Qe4+ Qxe4 57. fxe4 Kf7 58. Kf3 Ke6 59. Ke3 Ke5 60. h3 Ke6 61. Kd4 Ke7 62. e5 Ke6 63. exf6 Kxf6 64. Kd5 Kg6 65. Ke6 Kg7 66. Kf5 Kh6 67. Kf6 1-0


[Site "https://www.chess.com"]

[Event "Titled Tuesday Blitz May 24 Early 2022"]
[White "Bluebaum, Matthias"]
[Black "Brodowski, Piotr"]
[WhiteFideId "24651516"]
[BlackFideId "1124480"]
[WhiteElo "2556"]
[BlackElo "2431"]
[Result "1-0"]
[Round "02"]
[TimeControl "180+1"]
[Date "2022.05.24"]
[WhiteClock "0:01:33"]
[BlackClock "0:00:20"]

1. d4 c5 2. d5 d6 3. e4 Nf6 4. Nc3 g6 5. Bb5+ Bd7 6. a4 Bxb5 7. axb5 Bg7 8. Nf3 O-O 9. O-O Nbd7 10. h3 Nb6 11. Bf4 Ne8 12. Qd3 Nc7 13. Ra5 Qd7 14. Rfa1 a6 15. bxa6 Rxa6 16. Rxa6 Nxa6 17. e5 Nb4 18. Qe4 f5 19. exf6 Bxf6 20. Bg5 Qf5 21. Bxf6 Rxf6 22. Qxe7 N4xd5 23. Nxd5 Nxd5 24. Qxb7 Rf7 25. Qb8+ Kg7 26. Qxd6 Nf4 27. Qe5+ Qxe5 28. Nxe5 Re7 29. Nd3 Nxd3 30. cxd3 Re2 31. Rc1 Rxb2 32. Rxc5 Rd2 33. Rd5 Kf6 34. h4 h5 35. g3 Ke6 36. Rd8 Ke7 37. Rd4 Ke6 38. Kg2 Ke5 39. Rd8 Ke6 40. Kf3 Ke7 41. Rd4 1-0


[Site "https://www.chess.com"]

[Event "Titled Tuesday Blitz May 24 Early 2022"]
[White "Bocharov, Dmitry"]
[Black "Rios Escobar, Adan"]
[WhiteFideId "4138716"]
[BlackFideId "3403645"]
[WhiteElo "2541"]
[BlackElo "2447"]
[Result "1-0"]
[Round "02"]
[TimeControl "180+1"]
[Date "2022.05.25"]
[WhiteClock "0:01:28"]
[BlackClock "0:00:38"]

1. d4 Nf6 2. c4 g6 3. g3 Bg7 4. Bg2 c5 5. d5 b5 6. d6 Nc6 7. cxb5 Qa5+ 8. Nc3 Ne4 9. Bxe4 Bxc3+ 10. bxc3 Qxb5 11. Nf3 Ba6 12. Rb1 Qc4 13. Bxc6 dxc6 14. d7+ Kd8 15. O-O f6 16. Re1 h5 17. h4 g5 18. Bxg5 fxg5 19. Nxg5 Kc7 20. Qd2 Rhf8 21. Red1 Rad8 22. Qe3 Rf6 23. Qxe7 1-0


[Site "https://www.chess.com"]

[Event "Titled Tuesday Blitz May 24 Early 2022"]
[White "Boyer, Mahel"]
[Black "Yang, Kaiqi"]
[WhiteFideId "45102422"]
[BlackFideId "8604398"]
[WhiteElo "2328"]
[BlackElo "2373"]
[Result "0-1"]
[Round "02"]
[TimeControl "180+1"]
[Date "2022.05.24"]
[WhiteClock "0:00:03"]
[BlackClock "0:00:06"]

1. e4 e6 2. b3 c5 3. Bb2 Nc6 4. Nf3 Nf6 5. e5 Nd5 6. Bd3 b6 7. Na3 Bb7 8. Nc4 Qc7 9. a4 Nf4 10. O-O Nxd3 11. cxd3 d5 12. exd6 Bxd6 13. Ng5 Bxh2+ 14. Kh1 Bf4 15. Qh5 g6 16. Qh4 Nd4 17. Bxd4 cxd4 18. Ne4 f5 19. Qf6 fxe4 20. Qxh8+ Kf7 21. Qxh7+ Kf6 22. Qh4+ Kg7 23. Nd6 Rh8 24. Ne8+ Rxe8 25. Rac1 Qd6 26. Kg1 Rh8 27. Qg4 Bh2+ 28. Kh1 Bg1+ 29. Qh3 Rxh3+ 30. Kxg1 Qh2# 0-1


[Site "https://www.chess.com"]

[Event "Titled Tuesday Blitz May 24 Early 2022"]
[White "Cardoso Cardoso, Jose Gabriel"]
[Black "Wadsworth, Matthew J"]
[WhiteFideId "4430492"]
[BlackFideId "415804"]
[WhiteElo "2485"]
[BlackElo "2294"]
[Result "1-0"]
[Round "02"]
[TimeControl "180+1"]
[Date "2022.05.25"]
[WhiteClock "0:00:23"]
[BlackClock "0:00:21"]

1. c4 e5 2. Nc3 Bb4 3. Nd5 Be7 4. e3 c6 5. Nxe7 Qxe7 6. d4 exd4 7. Qxd4 Nf6 8. Nf3 d5 9. Be2 dxc4 10. Qxc4 Be6 11. Qc2 Nbd7 12. O-O Bg4 13. h3 Bh5 14. b3 O-O 15. Bb2 Rfd8 16. Rad1 Nb6 17. Nd4 Bxe2 18. Qxe2 Qe4 19. Rd2 Rd7 20. Rfd1 Rad8 21. f3 Qg6 22. e4 Nh5 23. Nf5 Qe6 24. Qe3 f6 25. g4 g6 26. Nh6+ Kg7 27. gxh5 Qxh3 28. Rxd7+ Rxd7 29. Rxd7+ Nxd7 30. Ng4 Qg3+ 31. Kf1 gxh5 32. Qh6+ Kf7 33. Qxh5+ Ke7 34. Qxh7+ Kd8 35. Qf5 Qh3+ 36. Kf2 Kc7 37. Bxf6 Nxf6 38. Qxf6 Qh1 39. Qe5+ Kb6 40. Qd4+ Ka6 41. Qd3+ Kb6 42. Qf1 Qh8 43. Qe1 Qb2+ 44. Qe2 Qb1 45. e5 1-0


[Site "https://www.chess.com"]

[Event "Titled Tuesday Blitz May 24 Early 2022"]
[White "Castaneda, Jhon David"]
[Black "Seo, Jung Min"]
[WhiteFideId "4405048"]
[BlackFideId "1734687"]
[WhiteElo "2152"]
[BlackElo "2401"]
[Result "0-1"]
[Round "02"]
[TimeControl "180+1"]
[Date "2022.05.25"]
[WhiteClock "0:00:06"]
[BlackClock "0:00:07"]

1. d4 Nf6 2. Nf3 e6 3. c4 d5 4. Nc3 Bb4 5. cxd5 exd5 6. Qa4+ Nc6 7. Bg5 h6 8. Bxf6 Qxf6 9. e3 O-O 10. Be2 Rd8 11. O-O Bf8 12. Rac1 Qd6 13. Bb5 Ne7 14. Ne5 c6 15. Be2 Ng6 16. f4 Ne7 17. Qd1 Nf5 18. Qd2 f6 19. Nf3 Re8 20. Nd1 Qe7 21. Bd3 Bd7 22. Re1 h5 23. Nf2 Qf7 24. e4 dxe4 25. Nxe4 a5 26. b3 Bb4 27. Qf2 Bxe1 28. Rxe1 Be6 29. Nc5 Nd6 30. Nh4 Bd5 31. Bg6 Rxe1+ 32. Qxe1 Qc7 33. Qe2 Bf7 34. Qxh5 Bxg6 35. Nxg6 Re8 36. h3 Qc8 37. g4 b6 38. Nd3 Qe6 39. Nf2 Qe3 40. Qh8+ Kf7 41. Qh5 Qxd4 42. Ne5+ Kg8 43. Nxc6 Qxf4 44. Qd5+ Kf8 45. Nd4 Qe5 46. Qxe5 Rxe5 47. Kf1 Ne4 48. Nd3 Rd5 49. Ne6+ Ke7 50. Nef4 Rd6 51. Ke2 Nc3+ 52. Ke3 Nxa2 53. Ng6+ Kf7 54. Ndf4 Nb4 55. h4 Nd5+ 56. Ke4 Nxf4 57. Nxf4 Rd1 58. Nd5 b5 59. Nc3 Re1+ 60. Kf3 b4 61. Na4 Rb1 62. Nc5 Rc1 63. Na4 Ke6 64. Ke3 Ke5 65. Kd3 Rg1 66. Nc5 Rxg4 67. Nd7+ Kf4 68. Nf8 Rxh4 69. Ng6+ Kg3 70. Nxh4 Kxh4 71. Kc4 g5 72. Kb5 g4 73. Kxa5 g3 74. Kxb4 g2 0-1


[Site "https://www.chess.com"]

[Event "Titled Tuesday Blitz May 24 Early 2022"]
[White "Cervantes Landeiro, Thalia"]
[Black "Van den Dikkenberg, Erik"]
[WhiteFideId "3520498"]
[BlackFideId "1005880"]
[WhiteElo "2021"]
[BlackElo "2118"]
[Result "1-0"]
[Round "02"]
[TimeControl "180+1"]
[Date "2022.05.25"]
[WhiteClock "0:01:41"]
[BlackClock "0:00:57"]

1. d4 Nf6 2. c4 g6 3. Nc3 Bg7 4. e4 O-O 5. f4 d6 6. Nf3 c5 7. d5 b5 8. cxb5 a6 9. a4 axb5 10. Bxb5 Bg4 11. O-O Qa5 12. h3 Bxf3 13. Qxf3 Qb4 14. Rb1 Nbd7 15. Bd2 Nb6 16. e5 dxe5 17. fxe5 Qd4+ 18. Be3 Qxe5 19. Bxc5 Nbxd5 20. Nxd5 Nxd5 21. Rbe1 Qg5 22. h4 Qxh4 23. Qxd5 Rfc8 24. Qxf7+ Kh8 25. Rxe7 Qh6 26. Be3 1-0


[Site "https://www.chess.com"]

[Event "Titled Tuesday Blitz May 24 Early 2022"]
[White "Chojnacki, Slawomir"]
[Black "Nugumanov, Bakhtiyar"]
[WhiteFideId "1117076"]
[BlackFideId "13701797"]
[WhiteElo "2084"]
[BlackElo "2262"]
[Result "1-0"]
[Round "02"]
[TimeControl "180+1"]
[Date "2022.05.25"]
[WhiteClock "0:00:29"]
[BlackClock "0:00:03"]

1. d4 d5 2. Nf3 Nf6 3. c3 c5 4. Bf4 Nc6 5. e3 Qb6 6. Qb3 c4 7. Qc2 Bf5 8. Qc1 g6 9. Be2 Bg7 10. Nbd2 O-O 11. h3 Nd7 12. O-O e5 13. dxe5 Ndxe5 14. Nxe5 Nxe5 15. Nf3 Nd3 16. Bxd3 Bxd3 17. Rd1 Rfd8 18. Be5 Be2 19. Bxg7 Kxg7 20. Rd4 Bxf3 21. gxf3 Qe6 22. Kg2 b5 23. Qd2 Rd6 24. Rd1 Rad8 25. e4 Ra6 26. a3 dxe4 27. Rxd8 exf3+ 28. Kg3 Qe5+ 29. Qf4 Qe2 30. R1d2 Qe1 31. Qxf3 Rf6 32. Qxf6+ Kxf6 33. R8d6+ Kg7 34. Kg2 Qe4+ 35. Kh2 Qf4+ 36. Kh1 Qf3+ 37. Kg1 Qxh3 38. R6d4 Qh5 39. Kf1 Qh1+ 40. Ke2 Qh5+ 41. Ke3 Qe5+ 42. Re4 Qg5+ 43. f4 Qg3+ 44. Kd4 h5 45. Kc5 a6 46. Re7 h4 47. Rdd7 Qf2+ 48. Kc6 Qxf4 49. Rd4 Qf3+ 50. Kd7 h3 51. Ke8 h2 52. Rdd7 h1=Q 53. Rxf7+ Qxf7+ 54. Rxf7+ Kh6 55. Rf6 Qb7 56. Rd6 1-0


[Site "https://www.chess.com"]

[Event "Titled Tuesday Blitz May 24 Early 2022"]
[White "Ciuffoletti, Paolo"]
[Black "Shuvalov, Evgenij"]
[WhiteFideId "807630"]
[BlackFideId "4187237"]
[WhiteElo "2143"]
[BlackElo "2053"]
[Result "0-1"]
[Round "02"]
[TimeControl "180+1"]
[Date "2022.05.25"]
[WhiteClock "0:00:45"]
[BlackClock "0:02:28"]

1. e4 e6 2. d4 d5 3. e5 c5 4. c3 Nc6 5. Nf3 Qb6 6. a3 Bd7 7. Be2 Nh6 8. b4 cxd4 9. cxd4 Nf5 10. Be3 Nxe3 11. fxe3 Rc8 12. O-O Be7 13. Nbd2 Nb8 14. Qb3 Bb5 15. Rfc1 O-O 16. Bxb5 Qxb5 17. Rxc8 Rxc8 18. Rc1 Rxc1+ 0-1


[Site "https://www.chess.com"]

[Event "Titled Tuesday Blitz May 24 Early 2022"]
[White "Clawitter, Craig"]
[Black "Navalgund, Niranjan"]
[WhiteFideId "2023105"]
[BlackFideId "5030854"]
[WhiteElo "2233"]
[BlackElo "2290"]
[Result "0-1"]
[Round "02"]
[TimeControl "180+1"]
[Date "2022.05.25"]
[WhiteClock "0:00:22"]
[BlackClock "0:01:31"]

1. e4 e5 2. Nf3 Nc6 3. Bb5 g6 4. Nc3 Bg7 5. d4 exd4 6. Nd5 h6 7. Bf4 d6 8. Nxd4 Bd7 9. c3 Nge7 10. O-O O-O 11. Bxc6 bxc6 12. Nxe7+ Qxe7 13. Qd2 Kh7 14. Rae1 c5 15. Nc2 Bb5 16. Ne3 Bxf1 17. Nd5 Qd8 18. Kxf1 Re8 19. Re3 g5 20. Rh3 gxf4 21. Qxf4 Re6 22. Qxf7 Rg6 23. Ne7 Rf6 24. Rxh6+ Rxh6 25. Qf5+ Kh8 26. Ng6+ Rxg6 27. Qxg6 Qf6 0-1


[Site "https://www.chess.com"]

[Event "Titled Tuesday Blitz May 24 Early 2022"]
[White "Coto Mederos, Michel"]
[Black "Li, Zhuoling"]
[WhiteFideId "3508528"]
[BlackFideId "8605629"]
[WhiteElo "2427"]
[BlackElo "2334"]
[Result "1-0"]
[Round "02"]
[TimeControl "180+1"]
[Date "2022.05.25"]
[WhiteClock "0:00:07"]
[BlackClock "0:00:09"]

1. c4 Nf6 2. Nc3 d5 3. cxd5 Nxd5 4. e3 g6 5. Bc4 Nxc3 6. Qb3 e6 7. Qxc3 Rg8 8. Nf3 Bg7 9. d4 c5 10. O-O cxd4 11. exd4 Nc6 12. Bg5 Bf6 13. Bxf6 Qxf6 14. Rad1 Kf8 15. Ne5 Kg7 16. Rd3 Nxe5 17. dxe5 Qe7 18. Rfd1 b6 19. Bb5 Qc5 20. Qxc5 bxc5 21. Rc3 Rb8 22. Rxc5 a6 23. Bc4 Rxb2 24. Bb3 Re2 25. h3 Bb7 26. Rc7 Bd5 27. Bxd5 exd5 28. Rxd5 Re8 29. Rdd7 Rf8 30. f4 Kg8 31. Ra7 h5 32. Rxa6 Rb8 33. e6 fxe6 34. Raa7 e5 35. fxe5 Rxe5 36. Rg7+ Kf8 37. Rh7 Kg8 38. Rag7+ Kf8 39. Rxg6 Rb1+ 40. Kh2 Rb2 41. Ra6 Kg8 42. Rc7 Re8 43. Raa7 h4 44. a4 Ra2 45. Rg7+ Kh8 46. Rh7+ Kg8 47. Rxh4 Ree2 48. Rg4+ Kf8 49. a5 Red2 50. a6 Rd1 51. h4 Rda1 52. h5 Rxa6 53. Rxa6 Rxa6 54. Kh3 Kf7 55. Kh4 Ra1 56. Rb4 Kf6 57. Rb6+ Kg7 58. g4 Ra4 59. Rb7+ Kf8 60. h6 Kg8 61. Kh5 Ra1 62. g5 Ra6 63. Rb8+ Kf7 64. g6+ Kf6 65. Rf8+ Ke7 66. g7 Ra5+ 67. Kg6 Ra6+ 68. Kh7 Ra7 69. g8=Q Kd6+ 70. Kh8 1-0


[Site "https://www.chess.com"]

[Event "Titled Tuesday Blitz May 24 Early 2022"]
[White "Csonka, Balazs"]
[Black "Zia, Tahsin Tajwar"]
[WhiteFideId "742910"]
[BlackFideId "10211888"]
[WhiteElo "2404"]
[BlackElo "1800"]
[Result "1-0"]
[Round "02"]
[TimeControl "180+1"]
[Date "2022.05.25"]
[WhiteClock "0:00:21"]
[BlackClock "0:00:04"]

1. d4 d5 2. Nf3 Nf6 3. Bf4 c5 4. e3 Nc6 5. Nbd2 cxd4 6. exd4 Bg4 7. c3 e6 8. Qa4 Bd6 9. Ba6 Bxf4 10. Bxb7 O-O 11. Bxc6 Rb8 12. b4 Qc7 13. g3 Bxd2+ 14. Nxd2 e5 15. O-O e4 16. b5 Qc8 17. Rfe1 Qf5 18. Qc2 h5 19. c4 dxc4 20. Nxe4 Nxe4 21. Qxe4 Qf6 22. Rac1 Be6 23. d5 Bf5 24. Qxc4 Qd6 25. a4 g6 26. Qc5 Qf6 27. d6 Rbd8 28. Rcd1 Bg4 29. Qd4 Qf5 30. Rd2 h4 31. Qf4 Qh5 32. Re5 Qh7 33. Qxg4 f6 34. Re7 Qh8 35. Bd5+ Rf7 36. Kh1 Kf8 37. Rxf7+ Ke8 38. gxh4 1-0


[Site "https://www.chess.com"]

[Event "Titled Tuesday Blitz May 24 Early 2022"]
[White "Darini, Pouria"]
[Black "Chernomordik, Pavel"]
[WhiteFideId "12502200"]
[BlackFideId "2804530"]
[WhiteElo "2483"]
[BlackElo "2220"]
[Result "1-0"]
[Round "02"]
[TimeControl "180+1"]
[Date "2022.05.25"]
[WhiteClock "0:00:55"]
[BlackClock "0:00:24"]

1. d4 g6 2. e4 Bg7 3. Nc3 d6 4. Be3 a6 5. h4 h6 6. Qd2 b5 7. f3 Bb7 8. O-O-O Nd7 9. Kb1 Nb6 10. Bd3 Qd7 11. Nh3 e6 12. g4 Ne7 13. Rhe1 O-O-O 14. Ne2 Kb8 15. Qc1 Nc6 16. c3 Na5 17. b3 Rc8 18. Nf2 Qe7 19. h5 c5 20. Qb2 g5 21. f4 gxf4 22. Bxf4 e5 23. Be3 exd4 24. cxd4 c4 25. Bc2 b4 26. Ng3 c3 27. Qc1 Qh4 28. Nf5 Qf6 29. e5 dxe5 30. dxe5 Qc6 31. Rd6 Bxe5 32. Rxc6 Rxc6 33. Bxb6 1-0


[Site "https://www.chess.com"]

[Event "Titled Tuesday Blitz May 24 Early 2022"]
[White "De Arruda, Leandro Formes"]
[Black "Bintang, Rasyid A. Hidayat"]
[WhiteFideId "22722009"]
[BlackFideId "7105355"]
[WhiteElo "1852"]
[BlackElo "2456"]
[Result "1-0"]
[Round "02"]
[TimeControl "180+1"]
[Date "2022.05.25"]
[WhiteClock "0:00:58"]
[BlackClock "0:01:24"]

1. d4 d5 2. e3 Nf6 3. Nf3 g6 4. Be2 Bg7 5. O-O O-O 6. c4 c6 7. Nc3 Re8 8. Ne5 Nbd7 9. f4 e6 10. b3 a6 11. Bb2 Nxe5 12. fxe5 Nd7 13. Bd3 Qg5 14. Qf3 Rf8 15. Ba3 Bh6 16. Rae1 f5 17. Bxf8 Nxf8 18. Na4 b5 19. Nb6 Rb8 20. Nxc8 Rxc8 21. Rf2 Rb8 22. Rc2 bxc4 23. bxc4 Qe7 24. cxd5 Qa3 25. Qe2 cxd5 26. Bxa6 Qa4 27. Bd3 Nd7 28. Rec1 f4 29. Rc8+ Rxc8 30. Rxc8+ Kf7 31. Qc2 Qa5 32. Qf2 Qa3 33. Rc7 Ke7 34. Bb5 Kd8 35. Rxd7+ Kc8 36. Qc2+ 1-0


[Site "https://www.chess.com"]

[Event "Titled Tuesday Blitz May 24 Early 2022"]
[White "De Souza, Cristiano Gomes"]
[Black "Shtyka, Sergey"]
[WhiteFideId "2151758"]
[BlackFideId "4138465"]
[WhiteElo "2068"]
[BlackElo "2014"]
[Result "1-0"]
[Round "02"]
[TimeControl "180+1"]
[Date "2022.05.25"]
[WhiteClock "0:01:31"]
[BlackClock "0:00:27"]

1. d4 c5 2. d5 e5 3. c4 d6 4. Nc3 Be7 5. e4 Bg5 6. Nf3 Bxc1 7. Rxc1 Bg4 8. Be2 Bxf3 9. Bxf3 Nf6 10. O-O O-O 11. a3 Nbd7 12. b4 cxb4 13. axb4 a5 14. bxa5 Nc5 15. Re1 Rxa5 16. Nb5 Qe7 17. Ra1 Rfa8 18. Rxa5 Rxa5 19. Qd2 Ra6 20. Qc3 h6 21. g3 Ne8 22. Kg2 Nc7 23. Ra1 Qd7 24. Rxa6 bxa6 25. Na3 Qa4 26. Qb2 Qb3 27. Qxb3 Nxb3 28. Be2 Kf8 29. f3 Ke7 30. Kf2 Kd7 31. Ke3 Nc5 32. Bd1 Na8 33. Kd2 Nb6 34. Kc3 a5 35. Nb1 Na8 36. Nd2 Nc7 37. Nb3 Nb7 38. Na1 Na6 39. Nc2 Nbc5 40. Na3 Nb4 41. Nb5 Na2+ 42. Kb2 Nb4 43. Kc3 Nba6 44. Na3 Nc7 45. Nb1 Ke7 46. Nd2 g6 47. Nb3 Nb7 48. Na1 f5 49. Bc2 f4 50. g4 h5 51. h3 hxg4 52. hxg4 Kf6 53. Ba4 Kg5 54. Bc6 Nc5 55. Nb3 Nxb3 56. Kxb3 Kh4 57. Ka4 Kg3 58. c5 dxc5 59. Kxa5 Kxf3 60. Kb6 Kxe4 61. Kxc7 f3 62. d6+ Ke3 63. Bxf3 Kxf3 64. d7 Kxg4 65. d8=Q Kf4 66. Qd6 g5 67. Qxc5 e4 68. Qf2+ Kg4 69. Kd6 1-0


[Site "https://www.chess.com"]

[Event "Titled Tuesday Blitz May 24 Early 2022"]
[White "Decuigniere, Tom"]
[Black "Onslow, Alfie"]
[WhiteFideId "26093820"]
[BlackFideId "436976"]
[WhiteElo "1997"]
[BlackElo "1885"]
[Result "0-1"]
[Round "02"]
[TimeControl "180+1"]
[Date "2022.05.25"]
[WhiteClock "0:00:01"]
[BlackClock "0:01:15"]

1. e4 g6 2. d4 Bg7 3. Be3 c6 4. c4 d5 5. cxd5 cxd5 6. e5 Nc6 7. Nc3 h5 8. Nf3 Bg4 9. h3 Bxf3 10. Qxf3 e6 11. a3 Nh6 12. Bd3 a6 13. O-O h4 14. b4 b5 15. Rac1 Qb6 16. Nxd5 exd5 17. Qxd5 Rc8 18. Be4 Ne7 19. Rxc8+ Nxc8 20. Rc1 O-O 21. Qd7 Qe6 22. Qxe6 fxe6 23. Bxg6 Ne7 24. Be4 Nhf5 25. Rc7 Nd5 26. Bxd5 exd5 27. Rc5 Nxe3 28. fxe3 Bh6 29. Rxd5 Bxe3+ 0-1


[Site "https://www.chess.com"]

[Event "Titled Tuesday Blitz May 24 Early 2022"]
[White "Demchenko, Anton"]
[Black "Avinash, Ramesh"]
[WhiteFideId "4160258"]
[BlackFideId "45018340"]
[WhiteElo "2539"]
[BlackElo "1875"]
[Result "1-0"]
[Round "02"]
[TimeControl "180+1"]
[Date "2022.05.24"]
[WhiteClock "0:00:08"]
[BlackClock "0:00:04"]

1. e4 e6 2. d4 d5 3. Nd2 Nf6 4. e5 Nfd7 5. c3 c5 6. f4 Nc6 7. Ndf3 Be7 8. Bd3 O-O 9. Ne2 f6 10. O-O cxd4 11. cxd4 fxe5 12. fxe5 Nb6 13. a3 Bd7 14. Qc2 h6 15. b3 Rc8 16. Qd1 Be8 17. Nf4 Qd7 18. Bb1 g5 19. Qd3 Rf5 20. Nxe6 Bg6 21. Nc5 Bxc5 22. dxc5 Na8 23. Qd1 Rcf8 24. Bxf5 Bxf5 25. Bb2 Nc7 26. Nd4 Nxd4 27. Qxd4 Ne6 28. Qd2 Qc6 29. b4 Be4 30. Rxf8+ Nxf8 31. e6 Nxe6 32. Rf1 Nf4 33. Rf2 Qg6 34. Qc3 Qh7 35. Qf6 Bg6 36. Qd8+ Kf7 37. Qd7+ Kg8 38. Qxh7+ Kxh7 39. Rd2 Nd3 40. Bd4 Be4 41. g3 Kg6 42. Kf1 Nc1 43. Rd1 Nb3 44. Ke2 Nxd4+ 45. Rxd4 Kf5 46. Ke3 Ke5 47. Rd2 a6 48. Rd4 Bf5 49. h4 Be6 50. hxg5 hxg5 51. Rd1 Bf5 52. Rd2 Be4 53. Rh2 d4+ 54. Kd2 Kf5 55. Rh7 Kg4 56. Rg7 Kf5 57. Re7 Bc6 58. Rg7 Kg4 59. Kd3 Kxg3 60. Rxg5+ Kf4 61. Rg7 Ke5 62. Re7+ Kd5 63. Rg7 Bb5+ 64. Kd2 Bc6 65. Rg4 Kc4 66. Kc2 Ba4+ 67. Kd2 Bc6 68. Rf4 Ba4 69. Rf6 Bc6 70. Rd6 Kb3 71. Rxd4 Kxa3 72. Kc3 Ka4 73. Rf4 Kb5 74. Rf6 a5 75. bxa5 Kxc5 76. Rf5+ Kd6 77. Kb4 Kc7 78. Rf6 Kb8 79. Kc5 Ka7 80. Rf8 Bh1 81. Rg8 Bc6 82. Rg6 Bh1 83. Rb6 Bc6 84. a6 Bh1 85. Kb5 Bf3 86. Ka5 Bg2 87. Rg6 Bd5 88. Rg7 Bg2 89. Re7 Bd5 90. Rc7 Bh1 91. Rd7 Bg2 92. Re7 Bh1 93. Kb5 Bc6+ 94. Ka5 Bg2 95. axb7 Bxb7 96. Kb5 Kb8 97. Kb6 Bc8 98. Re8 1-0


[Site "https://www.chess.com"]